 Dungeon Crawl Stone Soup version 0.17-a0-1139-g49cbdf8 (webtiles) character file.

116 Kisielow the Poker (level 5, -1/38 HPs)
             Began as a Merfolk Skald on May 26, 2015.
             Slain by an orc wizard
             ... wielding a +0 dagger
              (5 damage)
             ... on level 3 of the Dungeon.
             The game lasted 00:04:22 (2978 turns).

Kisielow the Poker (Merfolk Skald)                  Turns: 2978, Time: 00:04:22

Health: -1/38      AC:  3    Str: 13    XL:     5   Next: 0%
Magic:  8/8        EV: 14    Int: 16    God:
Gold:   109        SH:  0    Dex: 14    Spells: 2 memorised, 5 levels left

rFire  + . .     SeeInvis .     a - +0 spear
rCold  . . .     Clarity  .     b - +0 leather armour
rNeg   . . .     SustAt   .     (no shield)
rPois  .         Gourm    .     (no helmet)
rElec  .         Spirit   .     (no cloak)
rCorr  .         Warding  .     (no gloves)
rMut   .         Stasis   .     (no boots)
MR     .....                    (no amulet)
Stlth  +.........               (no ring)
                                j - ring of protection from fire

@: brilliant, not resistant to hostile enchantments, very unstealthy
A: change form in water, swift swim
a: no special abilities


You were on level 3 of the Dungeon.
You were not hungry.

You visited 1 branch of the dungeon, and saw 3 of its levels.

You collected 109 gold pieces.

Inventory:

Hand weapons
 a - a +0 spear (weapon)
Armour
 b - a +0 leather armour (worn)
Jewellery
 h - an uncursed amulet of resist mutation
 j - a ring of protection from fire (left hand)
Magical devices
 n - a wand of digging (2)
Scrolls
 e - 3 scrolls of magic mapping {unknown}
 f - a scroll of blinking {unknown}
 i - 2 scrolls of identify {unknown}
 k - a scroll of immolation {unknown}
 l - a scroll of fog {unknown}
 o - a scroll of random uselessness {unknown}
 q - a scroll of fear {unknown}
Books
 c - a book of Battle

   Spells                             Type                      Level
   a - Infusion                       Charms                       1
   b - Shroud of Golubria             Charms/Translocation         2
   c - Song of Slaying                Charms                       2
   d - Spectral Weapon                Hexes/Charms                 3
   e - Regeneration                   Charms/Necromancy            3
Comestibles
 d - 2 bread rations
 g - a royal jelly
 m - a chunk of flesh


   Skills:
 - Level 2.1 Fighting
 - Level 5.0 Polearms
 - Level 0.6 Armour
 * Level 4.8 Dodging
 - Level 2.0 Spellcasting
 - Level 3.2 Charms


You had 5 spell levels left.
You knew the following spells:

 Your Spells              Type           Power        Failure   Level  Hunger
q - Infusion              Chrm           ###...       1%          1    #......
w - Shroud of Golubria    Chrm/Tloc      ###.......   2%          2    ###....


Dungeon Overview and Level Annotations

Branches:
Dungeon (3/15)

Altars:
Nemelex Xobeh


Message History

You hit the orc wizard.
The orc wizard is heavily wounded.
The orc wizard hits you with a dagger.
* * * LOW HITPOINT WARNING * * *
The orc misses you. The orc hits you with a dagger.
* * * LOW HITPOINT WARNING * * *
You hit the orc wizard.
The orc wizard is severely wounded.
The orc wizard hits you with a dagger.
* * * LOW HITPOINT WARNING * * *
The orc misses you. The orc hits you but does no damage.
You hit the orc wizard.
The orc wizard is almost dead.
The orc wizard barely misses you.
Drink which item? (? for menu, Esc to quit)
It was a potion of brilliance.
You feel clever all of a sudden. The orc hits you but does no damage.
The orc completely misses you. The orc wizard hits you with a dagger.
You die...

## #.. ...#.. ###
#.#.. #<# ....#
#)#.# #...
#.#.#...# #
#...###.#.#...# ##
#..oo##.#.#...# .
.## #@##.#.#...#
###
.....#o##.#.#...#
#.#..
#......#.#...#
#.#..
............#...#
#.#..
#.#..............#
#.#..
######.######..#
#.#.. ...........#
#.#..
####.#####'####.#..
.. #.....##'#..


You could see an orc wizard and 2 orcs.

Vanquished Creatures
  Natasha (thrice) (D:2)
  A hound zombie (D:3)
  A worker ant zombie (D:3)
  2 adders
  A shadow imp (D:2)
  A giant gecko (D:1)
  An orc (D:3)
  10 bats
  2 giant cockroaches (D:1)
  A hobgoblin (D:1)
  5 jackals
  5 kobolds
  3 goblins
  5 rats
41 creatures vanquished.

Notes
Turn   | Place    | Note
--------------------------------------------------------------
     0 | D:1      | Kisielow the Merfolk Skald began the quest for the Orb.
     0 | D:1      | Reached XP level 1. HP: 16/16 MP: 3/3
   126 | D:1      | Reached skill level 4 in Polearms
   126 | D:1      | Reached XP level 2. HP: 19/22 MP: 5/5
   243 | D:1      | Learned a level 2 spell: Shroud of Golubria
  1053 | D:2      | Reached XP level 3. HP: 27/27 MP: 3/6
  1057 | D:2      | Reached skill level 5 in Polearms
  1260 | D:2      | Found a sparkling altar of Nemelex Xobeh.
  1393 | D:2      | Noticed Natasha
  1408 | D:2      | Killed Natasha
  1408 | D:2      | Reached XP level 4. HP: 19/33 MP: 4/7
  1610 | D:2      | Noticed Natasha
  1619 | D:2      | Killed Natasha
  1649 | D:2      | Noticed Natasha
  1685 | D:2      | Killed Natasha
  2737 | D:3      | Reached XP level 5. HP: 17/38 MP: 5/8
  2978 | D:3      | Slain by an orc wizard

Vault maps used:
D:1:      elethiomel_arrival_shortcut
D:2:      first_bread, nemelex_spade_bored_becter, uniq_natasha
D:3:      serial_undead, serial_undead_b, serial_undead_b, serial_undead_d,
          serial_undead_c, serial_undead_d, serial_undead_d

Action                   |  1- 3 |  4- 6 || total
-------------------------+-------+-------++-------
Melee: Spear             |   123 |   123 ||   246
 Cast: Shroud of Golubri |     4 |     7 ||    11
       Infusion          |     1 |       ||     1
  Use: Potion            |       |     2 ||     2
 Stab: Distracted        |     1 |       ||     1
       Sleeping          |       |     1 ||     1
  Eat: Chunk             |     1 |     2 ||     3
       Bread ration      |       |     1 ||     1
